 Dungeon Crawl Stone Soup version 0.28.0-49-g6dfe1f597d (webtiles) character file.

Game seed: 274587989673169254

21 vvl the Caller (level 2, -3/21 HPs)
             Began as a Barachi Summoner on May 13, 2022.
             Slain by a kobold
             ... wielding a +0 short sword
              (5 damage)
             ... on level 1 of the Dungeon.
             The game lasted 00:03:29 (1356 turns).

vvl the Caller (Barachi Summoner)                   Turns: 1356, Time: 00:03:29

Health: -3/21      AC:  2    Str:  9    XL:     2   Next: 83%
Magic:  4/5        EV: 12    Int: 15    God:
Gold:   21         SH:  0    Dex: 12    Spells: 4/5 levels left

rFire   . . .      SeeInvis .   d - +0 spear
rCold   . . .      Faith    .   (no shield)
rNeg    . . .      Spirit   .   a - +0 robe
rPois   .          Reflect  .   (no helmet)
rElec   .          Harm     .   (no cloak)
rCorr   .          Rampage  .   (no gloves)
Will    .....                   (no boots)
Stlth   ++........              (no amulet)
HPRegen 0.07/turn               (no ring)
MPRegen 0.09/turn               (no ring)

@: unable to hop, slow
A: amphibious, slowness 1, strong legs 1, +LOS
a: Hop


You were on level 1 of the Dungeon.
You visited 1 branch of the dungeon, and saw 1 of its levels.

You collected 21 gold pieces.

Inventory:

Hand Weapons
 d - a +0 spear (weapon)
Armour
 a - a +0 robe (worn)
Jewellery
 c - a ring of fire
Scrolls
 b - a scroll of silence {unknown}
 e - a scroll of amnesia {unknown}
 f - a scroll of identify {unknown}
 g - a scroll of immolation
Potions
 h - a potion of heal wounds {unknown}
 i - a potion of invisibility {unknown}
 j - a potion of mutation {unknown}


   Skills:
 + Level 1.0 Fighting
 + Level 1.0 Long Blades
 + Level 1.0 Armour
 - Level 2.1 Dodging
 - Level 2.0 Stealth
 + Level 2.4 Spellcasting
 + Level 5.0 Summonings


You had 4 spell levels left.
You knew the following spells:

 Your Spells              Type           Power      Damage    Failure   Level
a - Summon Small Mammal   Summ           64%        N/A       2%          1

Your spell library contained the following spells:

 Spells                   Type           Power      Damage    Failure   Level
 Call Imp                 Summ           16%        N/A       4%          2
 Call Canine Familiar     Summ           16%        N/A       9%          3
 Summon Guardian Golem    Hex/Summ       9%         N/A       22%         3
 Ignite Poison            Fire/Tmut/Pois 1%         N/A       54%         3
 Mephitic Cloud           Conj/Pois/Air  1%         N/A       54%         3
 Summon Lightning Spire   Summ/Air       9%         N/A       58%         4
 Freezing Cloud           Conj/Ice/Air   0%         6-21      99%         5


Dungeon Overview and Level Annotations

Branches:
Dungeon (1/15)

Altars:

Shops:
D:1 (


Innate Abilities, Weirdness & Mutations

You are amphibious.
You cover ground slowly.
You can hop short distances.
You have an extended range of vision and can be seen from far away.


Message History

Your bat hits the kobold but does no damage.
Your bat closely misses the kobold.
The kobold closely misses your bat.
Your bat hits the kobold but does no damage.
Your bat hits the kobold but does no damage.
Your bat misses the kobold.
The kobold hits you with a +0 short sword.
* * * LOW HITPOINT WARNING * * *
Your bat closely misses the kobold.
The kobold hits you with a +0 short sword.
* * * LOW HITPOINT WARNING * * *
You are too injured to fight recklessly!
You are too injured to fight recklessly!
Unknown command.
Casting: Summon Small Mammal (safe; 2% risk of failure)
Confirm with . or Enter, or press ? or * to list all spells.
Your bat closely misses the kobold.
The kobold hits you with a +0 short sword.
* * * LOW HITPOINT WARNING * * *
Unknown command.
Your bat hits the kobold but does no damage.
The kobold completely misses your bat.
Your bat hits the kobold but does no damage.
Your rat bites the kobold.
Your bat disappears in a puff of smoke!
Your rat misses the kobold.
Your rat closely misses the kobold.
The kobold closely misses you.
Your rat closely misses the kobold.
Hop to where?
Press: ? - help, Dir - move target Boing!
Casting: Summon Small Mammal (safe; 2% risk of failure)
Confirm with . or Enter, or press ? or * to list all spells.
Your rat misses the kobold. You closely miss the kobold.
The kobold hits you but does no damage.
Your rat bites the kobold.
You closely miss the kobold.
The kobold is moderately wounded.
The kobold hits you with a +0 short sword.
You die...

###...............#
...#
#.......######..###
#..# ..#.##### ##..# #.
.##.# ######...# .
###.# #.......## #.#
#.#####.# #.####.#
#.### ###.#....# #...#
......#### ###@#
....### ####K######
..###########r.rr.....#
......................#
..###########.........#
..# ########### ..# ..#
..#


You could see a kobold (ally target) and 2 friendly rats.

Vanquished Creatures
  A dart slug (D:1)
  2 ball pythons (D:1)
  A giant cockroach (D:1)
  2 jackals (D:1)
  A kobold (D:1)
  A frilled lizard (D:1)
  A goblin (D:1)
  4 rats (D:1)
13 creatures vanquished.

Vanquished Creatures (collateral kills)
  A giant cockroach (D:1)
  A hobgoblin (D:1)
  A kobold (D:1)
  A ball python (D:1)
  A frilled lizard (D:1)
  A rat (D:1)
6 creatures vanquished.

Grand Total: 19 creatures vanquished

Notes
Turn   | Place    | Note
-------+----------+-------------------------------------------
     0 | D:1      | vvl the Barachi Summoner began the quest for the Orb.
     0 | D:1      | Reached XP level 1. HP: 13/13 MP: 3/3
   384 | D:1      | Found a faded altar of an unknown god.
   737 | D:1      | Reached XP level 2. HP: 17/20 MP: 5/5
   790 | D:1      | Found Fituups's Weapon Shop.
   956 | D:1      | Reached skill level 5 in Summonings
   975 | D:1      | Reached skill level 1 in Fighting
  1325 | D:1      | Reached skill level 1 in Armour
  1328 | D:1      | Reached skill level 1 in Long Blades
  1335 | D:1      | HP: 1/21 [kobold/+0 short sword (4)]
  1356 | D:1      | Slain by a kobold

Illustrated notes

Levels and vault maps discovered:
D:1:      dpeg_arrival_solitude, layout_rooms,
          hellmonk_ecumenical_altar_blasted, serial_shops,
          nicolae_shop_bloodbath_and_beyond

Skill      XL: |  1  2 |
---------------+-------+-----
Stealth        | 2 |  2.0
Summonings     | 5 |  5.0
Fighting       | 1 |  1.0
Armour         | 1 |  1.0
Long Blades    | 1 |  1.0
Dodging        | |  2.1
Spellcasting   | |  2.4

Action                   || total
-------------------------++-------
Melee: Spear             ||    57
       Unarmed           ||     4
 Cast: Summon Small Mamm ||    24
 Abil: Hop               ||     1
 Stab: Sleeping          ||     2
Armor: Robe              ||    14
Dodge: Dodged            ||    47
